 Dungeon Crawl Stone Soup version 0.28-a0-406-g4bac719ec2 (webtiles) character file.

Game seed: 7533482052572504479

19372 Conn the Arsonist (level 12, 0/70 HPs)
             Began as an Octopode Fire Elementalist on Sept 5, 2021.
             Was an Elder of Sif Muna.
             Slain by a warg (3 damage)
             ... led by an orc knight
             ... on level 2 of the Orcish Mines.
             The game lasted 01:33:43 (18370 turns).

Conn the Arsonist (Octopode Fire Elementalist)     Turns: 18370, Time: 01:33:45

Health: 0/70       AC:  5    Str: 12    XL:     12   Next: 68%
Magic:  22/25      EV: 14    Int: 21    God:    Sif Muna [****..]
Gold:   540        SH:  0    Dex: 16    Spells: 5/29 levels left

rFire   . . .      SeeInvis .   y - +0 spear "Ecesosywk" {flame, Str+2 Dex+3}
rCold   . . .      Faith    .   (no shield)
rNeg    . . .      Spirit   .   w - +2 hat
rPois   .          Reflect  .   i - amulet of the acrobat
rElec   .          Harm     .   u - ring of resist corrosion
rCorr   +          Rampage  .   (no ring)
Will    .....      Rnd*Rage +   (no ring)
Stlth   +++++.....              (no ring)
HPRegen 0.21/turn               (no ring)
MPRegen 0.19/turn               (no ring)
                                (no ring)
                                (no ring)

@: studying Unarmed Combat
A: almost no armour, amphibious, 8 rings, camouflage 1, gelatinous body 1,
(nimble swimmer 1), tentacles, iridescent scales 1, berserk 1, strong 1
a: Renounce Religion, Channel Magic, Forget Spell, Divine Exegesis


You were on level 2 of the Orcish Mines.
You worshipped Sif Muna.
Sif Muna was greatly pleased with you.
You visited 3 branches of the dungeon, and saw 13 of its levels.
You also visited: Ossuary.

You collected 878 gold pieces.
You spent 338 gold pieces at shops.

Inventory:

Hand Weapons
 e - a +2 dagger of venom
 f - a +0 short sword
 y - the +0 spear "Ecesosywk" (weapon) {flame, Str+2 Dex+3}
   (You found it on level 7 of the Dungeon)

   It burns those it strikes, dealing additional fire damage.
   Str:       It affects your strength (+2).
   Dex:       It affects your dexterity (+3).
Missiles
 a - 125 poisoned darts
 x - 5 throwing nets
 z - 14 boomerangs of dispersal (quivered)
Armour
 w - a +2 hat (worn)
Jewellery
 c - an amulet of magic regeneration
 d - an amulet of regeneration
 i - an amulet of the acrobat (around mantle)
 m - a ring of ice
 u - a ring of resist corrosion (left tentacle)
Wands
 j - a wand of flame (30)
 p - a wand of digging (4)
 q - a wand of charming (12)
 r - a wand of acid (4)
 s - a wand of polymorph (23)
 v - a wand of iceblast (9)
 C - a wand of paralysis (6)
Scrolls
 b - 2 scrolls of teleportation
 g - 9 scrolls of identify
 t - 2 scrolls of immolation
 E - a scroll of enchant armour
Potions
 h - 8 potions of curing
 l - 3 potions of brilliance
 n - 3 potions of attraction
 o - 3 potions of lignification


   Skills:
 + Level 2.1 Fighting
 + Level 3.2 Short Blades
 + Level 1.0 Polearms
 + Level 1.1 Throwing
 + Level 3.8 Dodging
 + Level 7.6 Stealth
 + Level 9.0 Spellcasting
 + Level 6.8 Conjurations
 + Level 3.3 Hexes
 + Level 1.4 Transmutations
 + Level 9.9 Fire Magic
 + Level 5.7 Ice Magic
 + Level 5.5 Air Magic
 - Level 7.0 Poison Magic
 - Level 5.3 Invocations
 + Level 1.3 Evocations


You had 5 spell levels left.
You knew the following spells:

 Your Spells              Type           Power      Damage    Failure   Level
a - Foxfire               Conj/Fire      100%       2x1d9     1%          1
b - Conjure Flame         Conj/Fire      44%        6-21      1%          3
c - Inner Flame           Hex/Fire       37%        N/A       1%          3
d - Sticky Flame          Conj/Fire      44%        2d6       2%          4
e - Flame Wave            Conj/Fire      44%        3d9       2%          4
f - Mephitic Cloud        Conj/Pois/Air  36%        N/A       1%          3
g - Ozocubu's Armour      Ice            33%        N/A       1%          3
h - Ignite Poison         Fire/Tmut/Pois 35%        N/A       1%          3

Your spell library contained the following spells:

 Spells                   Type           Power      Damage    Failure   Level
 Magic Dart               Conj           100%       1d8       1%          1
 Shock                    Conj/Air       100%       1d9       1%          1
 Ensorcelled Hibernation  Hex/Ice        56%        N/A       1%          2
 Scorch                   Fire           100%       2d10      1%          2
 Static Discharge         Conj/Air       35%        N/A       1%          2
 Slow                     Hex            23%        N/A       2%          2
 Dazzling Flash           Conj/Hex       62%        N/A       2%          3
 Beastly Appendage        Tmut           30%        N/A       4%          1
 Fulminant Prism          Conj/Hex       15%        3d11      9%          4
 Call Imp                 Summ           9%         N/A       11%         2
 Yara's Violent Unravell  Hex/Tmut       9%         3d6       58%         5
 Ozocubu's Refrigeration  Ice            16%        4d8       99%         7
 Borgnjor's Revivificati  Necr           4%         N/A       100%        8
 Necromutation            Tmut/Necr      6%         N/A       100%        8
 Death's Door             Necr           4%         N/A       100%        9


Dungeon Overview and Level Annotations

Branches:
Dungeon (10/15)            Temple (1/1) D:4            Lair (0/6) D:8
    Orc (2/2) D:10        Ossuary (visited)
    Elf: Orc:2

Altars:
Fedhas
Makhleb
Nemelex Xobeh
Qazlal
Sif Muna
Vehumet
Yredelemnul
Zin

Shops:
D:1 *   D:5 ?   D:7 :


Innate Abilities, Weirdness & Mutations

You cannot wear most types of armour.
You are amphibious.
You can wear up to eight rings at the same time.
Your skin changes colour to match your surroundings (Stealth+).
Your rubbery body absorbs attacks. (AC +1, EV +1)
((You are camouflaged near water. (Stealth+)))
You have tentacles for arms and can constrict up to eight enemies at once.
You are partially covered in iridescent scales. (AC +2)
You tend to lose your temper in combat.
Your muscles are strong. (Str +2)


Message History

Deactivating autopickup; reactivate with Ctrl-A.
The orc warrior shouts!
The orc shouts!
There is a stone staircase leading up here.
Unknown command.
Casting: Sticky Flame (dangerous; 2% risk of failure)
Confirm with . or Enter, or press ? or * to list all spells.
Okay, then.
Really read the scroll of immolation?
As you read the scroll of immolation, it crumbles to dust.
The creatures around you are filled with an inner flame!
The orc shouts!
The two-headed ogre shouts in stereo!
You hear a shout!
The orc shouts!
The warg howls!
You hear a shout! x3
An orc comes into view. It is wielding a +0 war axe.
You hear two shouts!
You hear a shout!
The orc shouts!
Unknown command.
Unknown command.
Unknown command.
Casting: Sticky Flame (dangerous; 2% risk of failure)
Confirm with . or Enter, or press ? or * to list all spells.
Aiming: Mephitic Cloud (safe; 1% risk of failure)
Press: ? - help, Shift-Dir - straight line, f - two-headed ogre
Aim: a two-headed ogre, wielding a +0 giant spiked club and a +0 giant club (inner flame, chance to affect: 53%)
The ball explodes into a vile cloud!
The stinking cloud engulfs the two-headed ogre but does no damage.
The orc shouts! x2; You hear a shout! x4; You hear some strange, mumbled words.
A bolt of magma appears from out of thin air!
The bolt of magma hits you!!
The two-headed ogre is engulfed in noxious fumes.
The two-headed ogre appears confused.
Flame seeps out of the two-headed ogre.
The two-headed ogre laughs crazily.
The warg bites you!
Unknown command.
The two-headed ogre is engulfed in noxious fumes.
The two-headed ogre appears confused.
Flame seeps out of the two-headed ogre.
The two-headed ogre hits you with a +0 giant spiked club!
* * * LOW HITPOINT WARNING * * *
The two-headed ogre hits you with a +0 giant club.
* * * LOW HITPOINT WARNING * * *
The warg bites you.
You die...

.#..###
.##...#.#
........##
.......o.###
...........#
..o.°§☼...## .
.ooo.°☼o...#...
.
$oOO.○O@.oo....
.
OoO##...ho.....
. ##.##...... .
## ...... .
..... . .##.. .
# . . .


You could see 4 two-headed ogres, a warg (inner flame), 4 orc warriors, an ogre
and 7 orcs.

Vanquished Creatures
  A hydra (D:8)
  Harold (D:7)
  Erolcha (D:10)
  A centaur warrior (D:8)
  2 two-headed ogres
  4 death yaks
  Pikel (D:5)
  An orc knight (Orc:1)
  2 orc sorcerers (Orc:1)
  2 cyclopes (D:8)
  Joseph (D:7)
  A troll (Orc:1)
  Grinder (D:3)
  A slime creature (D:8)
  Sigmund (D:3)
  2 shadows (D:9)
  A vampire (D:9)
  10 yaks
  2 steam dragons
  A vampire mosquito (D:8)
  3 wargs
  Duvessa (D:4)
  A water moccasin (D:8)
  17 orc warriors
  A necrophage (D:5)
  A black bear (D:4)
  A sky beast (D:8)
  7 ogres
  2 phantoms
  10 centaurs
  A lemure (D:5)
  An elf zombie (Ossuary)
  2 kobold brigands
  Blork the orc (D:5)
  2 gnoll sergeants
  2 bullfrogs (D:8)
  2 scorpions
  Dowan (D:4)
  A water moccasin skeleton (D:5)
  8 killer bees
  A howler monkey (D:7)
  7 centaur zombies
  3 jellies
  A gnoll shaman (D:5)
  11 orc priests
  Crazy Yiuf (D:3)
  4 bullfrog skeletons
  17 orc wizards
  6 iguanas
  Ijyb (D:4)
  3 ogre zombies (Ossuary)
  7 mummies (Ossuary)
  Robin (D:3)
  18 gnolls
  5 adders
  3 shadow imps
  4 white imps
  An ufetubus (D:5)
  8 adder zombies
  An adder skeleton (D:3)
  4 worms
  53 orcs
  5 ball pythons
  9 bats
  7 endoplasms
  A giant cockroach (D:1)
  A gnoll zombie (Ossuary)
  16 goblins
  10 hobgoblins
  4 jackals (D:3)
  4 quokkas
  3 frilled lizards
  3 goblin zombies (Ossuary)
  A hobgoblin zombie (Ossuary)
  12 kobolds
  4 kobold zombies (Ossuary)
  4 quokka zombies (Ossuary)
  2 rats
  4 rat zombies (Ossuary)
352 creatures vanquished.

Vanquished Creatures (collateral kills)
  2 killer bees (D:10)
2 creatures vanquished.

Vanquished Creatures (others)
  A killer bee (D:10)
  4 orcs
  1206 foxfires
1211 creatures vanquished.

Grand Total: 1565 creatures vanquished

Notes
Turn   | Place    | Note
-------+----------+-------------------------------------------
     0 | D:1      | Conn the Octopode Fire Elementalist began the quest for the
                  | Orb.
     0 | D:1      | Reached XP level 1. HP: 11/11 MP: 3/3
   201 | D:1      | Reached XP level 2. HP: 17/17 MP: 3/5
   256 | D:1      | Learned a level 2 spell: Scorch
   785 | D:1      | Found Wifybego's Assorted Antiques.
  1189 | D:2      | Reached XP level 3. HP: 21/21 MP: 1/6
  1193 | D:2      | Learned a level 3 spell: Conjure Flame
  1791 | D:3      | Found a faded altar of an unknown god.
  1792 | D:3      | Noticed a shining eye
  1794 | D:3      | Noticed a golden eye
  1794 | D:3      | Noticed a golden eye
  1794 | D:3      | Noticed a floating eye
  1940 | D:3      | Reached XP level 4. HP: 27/27 MP: 5/7
  2005 | D:3      | Noticed Sigmund
  2042 | D:3      | Killed Sigmund
  2043 | D:3      | Reached XP level 5. HP: 31/31 MP: 1/9
  2294 | D:3      | Noticed Robin
  2315 | D:3      | Reached skill level 1 in Short Blades
  2316 | D:3      | Killed Robin
  2317 | D:3      | Reached XP level 6. HP: 33/36 MP: 0/10
  2456 | D:3      | Noticed Grinder
  2469 | D:3      | Killed Grinder
  2470 | D:3      | Reached XP level 7. HP: 19/42 MP: 0/12
  3071 | D:2      | Learned a level 3 spell: Inner Flame
  3076 | D:2      | Learned a level 4 spell: Flame Wave
  3485 | D:3      | Found a runed translucent door.
  3486 | D:3      | Noticed Crazy Yiuf
  3502 | D:3      | Killed Crazy Yiuf
  3592 | D:4      | Reached skill level 5 in Fire Magic
  3716 | D:4      | Reached skill level 1 in Fighting
  3716 | D:4      | Reached skill level 1 in Throwing
  3903 | D:4      | Got the Guide on Shifting Curses
  4040 | D:4      | Noticed Ijyb
  4053 | D:4      | Found a staircase to the Ecumenical Temple.
  4056 | Temple   | Entered the Ecumenical Temple
  4064 | Temple   | Became a worshipper of Sif Muna the Loreminder
  4073 | D:4      | Killed Ijyb
  4147 | D:5      | Entered Level 5 of the Dungeon
  4162 | D:5      | Reached skill level 5 in Stealth
  4216 | D:5      | Reached XP level 8. HP: 48/48 MP: 7/14
  4378 | D:5      | Reached skill level 1 in Hexes
  4386 | D:5      | Noticed Pikel
  4521 | D:5      | Noticed Blork the orc
  4528 | D:5      | Found a sand-covered staircase.
  4534 | Ossuary  | Entered an ossuary
  4581 | Ossuary  | Reached * piety under Sif Muna
  5476 | Ossuary  | Reached ** piety under Sif Muna
  5687 | D:5      | Reached skill level 5 in Spellcasting
  5793 | D:5      | Killed Blork the orc
  5842 | D:5      | Reached XP level 9. HP: 53/53 MP: 0/16
  5867 | D:5      | Killed Pikel
  6152 | D:5      | Found Soetseg's Magic Scroll Emporium.
  6431 | D:4      | Found a basalt altar of Yredelemnul.
  6600 | D:4      | Reached skill level 5 in Conjurations
  6645 | D:4      | Noticed Duvessa
  6655 | D:4      | Killed Duvessa
  6684 | D:4      | Noticed Dowan
  6688 | D:4      | Killed Dowan
  7758 | D:6      | Learned a level 3 spell: Mephitic Cloud
  7762 | D:6      | Learned a level 3 spell: Ozocubu's Armour
  8187 | D:6      | Reached skill level 1 in Invocations
  8243 | D:7      | Reached skill level 1 in Air Magic
  8444 | D:7      | Reached skill level 1 in Poison Magic
  8572 | D:7      | Noticed Joseph
  8577 | D:7      | Reached *** piety under Sif Muna
  8578 | D:7      | Reached skill level 1 in Ice Magic
  8602 | D:7      | Killed Joseph
  8603 | D:7      | Reached XP level 10. HP: 31/60 MP: 0/20
  8797 | D:7      | Noticed Harold
  8813 | D:7      | Killed Harold
  9484 | D:7      | Found Rutsomid's Book Shop.
  9493 | D:7      | Bought an Everburning Encyclopedia for 338 gold pieces
  9498 | D:7      | Learned a level 3 spell: Ignite Poison
  9792 | D:7      | Identified the +0 spear "Ecesosywk" {flame, Str+2 Dex+3}
 10041 | D:8      | Noticed a death yak
 10168 | D:8      | Noticed a death yak
 10188 | D:8      | Noticed a death yak
 10189 | D:8      | Noticed a death yak
 10215 | D:8      | Found a staircase to the Lair.
 10223 | D:8      | Noticed a cyclops
 10343 | D:8      | Noticed a death yak
 10347 | D:8      | Noticed a six-headed hydra
 10611 | D:8      | Killed a six-headed hydra
 10620 | D:8      | Noticed a two-headed ogre
 10936 | D:8      | Noticed a centaur warrior
 10946 | D:8      | Killed a death yak
 10947 | D:8      | Killed a centaur warrior
 10948 | D:8      | Reached XP level 11. HP: 45/64 MP: 7/22
 11152 | D:8      | Killed a cyclops
 11402 | D:8      | Killed a two-headed ogre
 11403 | D:8      | Reached skill level 5 in Poison Magic
 11489 | D:8      | Noticed a cyclops
 11498 | D:8      | Killed a cyclops
 11584 | D:8      | Identified the +6 glaive "Tastriuts" {antimagic, rF- rC++
                  | Int+5}
 12080 | D:7      | Killed a death yak
 12081 | D:7      | Reached skill level 1 in Transmutations
 12355 | D:6      | Learned a level 4 spell: Sticky Flame
 12989 | D:8      | Killed a death yak
 13002 | D:8      | Killed a death yak
 13003 | D:8      | Reached skill level 5 in Invocations
 13726 | D:9      | Noticed a two-headed ogre
 13735 | D:9      | Killed a two-headed ogre
 13903 | D:9      | Reached skill level 1 in Evocations
 14034 | D:9      | Reached **** piety under Sif Muna
 14428 | D:9      | Reached XP level 12. HP: 70/70 MP: 4/24
 15133 | D:10     | Entered Level 10 of the Dungeon
 15501 | D:10     | Reached skill level 5 in Air Magic
 15525 | D:10     | Reached skill level 5 in Ice Magic
 15701 | D:10     | Found a staircase to the Orcish Mines.
 16168 | D:10     | Noticed Erolcha
 16180 | D:10     | Killed Erolcha
 16462 | Orc:1    | Entered Level 1 of the Orcish Mines
 17038 | D:10     | Gained mutation: You tend to lose your temper in combat.
                  | [potion of mutation]
 17038 | D:10     | Gained mutation: You are partially covered in iridescent
                  | scales. (AC +2) [potion of mutation]
 17038 | D:10     | Gained mutation: Your muscles are strong. (Str +2) [potion
                  | of mutation]
 17057 | Orc:1    | Reached ***** piety under Sif Muna
 17081 | Orc:1    | Received a gift from Sif Muna
 17088 | Orc:1    | Got Sif Muna's Disquisition on Freezing Attacks {god gift}
 17706 | Orc:2    | Entered Level 2 of the Orcish Mines
 17706 | Orc:2    | Noticed an ogre mage
 17706 | Orc:2    | Noticed a two-headed ogre
 17706 | Orc:2    | Noticed a two-headed ogre
 17706 | Orc:2    | Noticed a two-headed ogre
 17706 | Orc:2    | Noticed a two-headed ogre
 17706 | Orc:2    | Noticed a two-headed ogre
 17759 | Orc:2    | Reached skill level 1 in Polearms
 18370 | Orc:2    | HP: 3/70 [two-headed ogre (4)]
 18370 | Orc:2    | Slain by a warg

Illustrated notes

Levels and vault maps discovered:
D:1:      dpeg_arrival_round_a, layout_basic, serial_shops, shop,
          hangedman_decor_growths
D:2:      layout_rooms
D:3:      layout_loops_corners, hellmonk_ecumenical_altar_watching_god,
          minmay_divided_ellipse, uniq_robin, uniq_crazy_yiuf_cottage,
          uniq_grinder, uniq_sigmund
D:4:      layout_layer_cave, mainiacjoe_overflow_tiny_flanked,
          minmay_temple_entry_from_below_b, st_stairs_2,
          corexii_leaking_fountain, uniq_ijyb, uniq_duvessa
D:5:      layout_gridville, serial_shops, nicolae_shop_waterfront,
          nicolae_ossuary_entry_plus, chequers_serial_rivers_micro_d,
          uniq_blork_the_orc, uniq_pikel
D:6:      layout_basic, patterned_corridor
D:7:      layout_basic, serial_shops, nicolae_shop_trees,
          chequers_serial_rivers_micro_e, uniq_joseph, uniq_harold
D:8:      minmay_cut_squares, layout_loops_ring, dpeg_lair_monsters,
          grunt_decor_arrowhead
D:9:      layout_stronghold, st_stairs_13
D:10:     layout_long_grid, erik_orc_4, uniq_erolcha
Temple:   compressed_dpeg_circular_temple
Orc:1:    layout_caves, nicolae_orc_flooded_monolith
Orc:2:    st_orc_rangers, layout_diamond_mine

Skill      XL: |  1  2  3  4  5  6  7  8  9 10 11 12 |
---------------+-------------------------------------+-----
Stealth        | 3 4 5 6 7 |  7.6
Fire Magic     | 4 5 6 7 8 9 |  9.9
Spellcasting   | 3 4 5 6 7 8 9 |  9.0
Conjurations   | 2 3 4 5 6 |  6.8
Short Blades   | 1 2 3 |  3.2
Fighting       | 1 2 |  2.1
Throwing       | 1 |  1.1
Dodging        | 3 |  3.8
Hexes          | 1 2 3 |  3.3
Invocations    | 1 4 5 |  5.3
Air Magic      | 1 3 4 5 |  5.5
Poison Magic   | 1 4 6 7 |  7.0
Ice Magic      | 1 3 4 5 |  5.7
Transmutations | 1 |  1.4
Evocations     | 1 |  1.3
Polearms       | 1 |  1.0

Action                   |  1- 3 |  4- 6 |  7- 9 | 10-12 || total
-------------------------+-------+-------+-------+-------++-------
Melee: Unarmed           |     4 |       |       |       ||     4
       Tentacles         |     3 |       |    12 |    14 ||    29
       Constrict         |     6 |       |    22 |    13 ||    41
       Short sword       |     7 |     2 |       |       ||     9
       Dagger            |       |       |    98 |     6 ||   104
       Spear             |       |       |       |    48 ||    48
Throw: Dart              |       |     6 |     2 |       ||     8
       Boomerang         |       |       |       |     1 ||     1
 Cast: Foxfire           |    50 |    29 |   302 |   326 ||   707
       Scorch            |     2 |     1 |     2 |       ||     5
       Conjure Flame     |       |     1 |     7 |     5 ||    13
       Inner Flame       |       |       |    18 |    50 ||    68
       Mephitic Cloud    |       |       |     4 |    47 ||    51
       Flame Wave        |       |       |     1 |    11 ||    12
       Ozocubu's Armour  |       |       |       |     7 ||     7
       Ignite Poison     |       |       |       |     7 ||     7
       Sticky Flame      |       |       |       |    18 ||    18
Invok: Channel Magic     |       |       |       |     2 ||     2
Evoke: Wand              |       |       |     2 |     3 ||     5
  Use: Scroll            |       |     2 |    14 |     8 ||    24
       Potion            |       |       |     4 |     9 ||    13
 Stab: Sleeping          |     2 |       |    15 |       ||    17
       Invisible         |       |       |     1 |     4 ||     5
       Confused          |       |       |     1 |       ||     1
Armor: Skin              |       |     2 |    18 |    17 ||    37
Dodge: Dodged            |     9 |     7 |   103 |   112 ||   231

Table legend: (Time is in decaauts)
 A = Elapsed time spent in this place.
 B = Non-inter-level travel time spent in this place.
 C = Inter-level travel time spent in this place.
 D = Time resting spent in this place.
 E = Time spent auto-exploring this place.
 F = Levels seen in this place.
 G = Mean time per level.
                   A        B        C        D        E       F      G
               +--------+--------+--------+--------+--------+-----+--------+
         Total |  18353 |  18111 |    242 |   4583 |   7799 |  14 | 1310.9 |
       Dungeon |  15732 |  15490 |    242 |   3550 |   7167 |  10 | 1573.2 |
        Temple |     15 |     15 |      0 |      0 |      0 |   1 |   15.0 |
  Orcish Mines |   1582 |   1582 |      0 |    675 |    453 |   2 |  791.0 |
       Ossuary |   1023 |   1023 |      0 |    358 |    179 |   1 | 1023.0 |
               +--------+--------+--------+--------+--------+-----+--------+

Top non-repeatable levels by time:
     D:7: 2840 daAuts
     D:8: 1925 daAuts
     D:3: 1807 daAuts
     D:4: 1679 daAuts
    D:10: 1661 daAuts
     D:9: 1641 daAuts
   Orc:1: 1492 daAuts
     D:6: 1278 daAuts
     D:5: 1120 daAuts
     D:1: 1115 daAuts
 Ossuary: 1023 daAuts
     D:2: 663 daAuts
   Orc:2: 90 daAuts
  Temple: 15 daAuts
